 Dungeon Crawl Stone Soup version 0.30-a0-782-ge64f9170bb (webtiles) character file.

Game seed: 12290440116836357072

21532 zero the Summoner (level 12, 58/58 HPs)
             Began as a Felid Summoner on Mar 16, 2023.
             Was an Initiate of Gozag.
             Quit the game on level 13 of the Dungeon.
             The game lasted 00:48:14 (30669 turns).

zero the Summoner (Felid Summoner)                 Turns: 30669, Time: 00:48:15

Health: 58/58      AC:  3    Str:  4    XL:     12   Next: 55%
Magic:  27/27      EV: 27    Int: 36    God:    Gozag
Gold:   763        SH:  0    Dex: 17    Spells: 5/32 levels left
                                        Lives:  1   Deaths: 3

rFire   . . .      SeeInvis +    (weapon unavailable)
rCold   + + .      Faith    .    (shield unavailable)
rNeg    . . .      Spirit   .    (body armour unavailable)
rPois   .          Reflect  .    (helmet unavailable)
rElec   .          Harm     .    (cloak unavailable)
rCorr   .          Rampage  .    (gloves unavailable)
Will    +....                    (boots unavailable)
Stlth   +++                      (no amulet)
HPRegen 0.29/turn                x - ring of Miracles {rC+ Int+9}
MPRegen 0.20/turn                A - +6 ring of intelligence

@: quick
A: very small, claws 1, fangs 3, see invisible, speed 1, shaggy fur 3, stealthy
paws, no weapons or thrown items, no armour, multi-lived
a: Renounce Religion, Potion Petition, Call Merchant, Bribe Branch


You were on level 13 of the Dungeon.
You worshipped Gozag.
Gozag was pleased with you.
You visited 3 branches of the dungeon, and saw 19 of its levels.

You collected 4605 gold pieces.
You spent 2245 gold pieces at shops.
You paid 1597 gold pieces to Gozag.

Inventory:

Jewellery
 x - the ring of Miracles (left paw) {rC+ Int+9}
   (You bought it in a shop on level 3 of the Lair of Beasts)

   [ring of protection from cold]

   Int:       It affects your intelligence (+9).
   rC:        It protects you from cold.
 A - a +6 ring of intelligence (right paw)
Wands
 p - a wand of acid (6)
 s - a wand of paralysis (22)
 t - a wand of flame (53)
 v - a wand of iceblast (18)
 y - a wand of mindburst (5)
 D - a wand of digging (6)
Scrolls
 b - a scroll of fog
 c - 2 scrolls of fear
 i - 2 scrolls of amnesia
 j - 2 scrolls of magic mapping
 u - 3 scrolls of teleportation
 w - 4 scrolls of identify
 z - a scroll of butterflies
Potions
 a - 7 potions of magic
 d - 4 potions of heal wounds
 e - 3 potions of attraction
 f - 7 potions of ambrosia
 g - 6 potions of curing
 h - a potion of invisibility
 k - a potion of flight
 l - a potion of cancellation
 m - 3 potions of might
 n - 4 potions of lignification
 o - 3 potions of berserk rage
 q - 2 potions of haste
 r - a potion of brilliance
 B - a potion of mutation
Miscellaneous
 C - a box of beasts


   Skills:
 + Level 10.1 Fighting
 + Level 14.0 Dodging
 - Level 5.0 Stealth
 + Level 10.7 Spellcasting
 - Level 5.0 Hexes
 + Level 14.3 Summonings
 - Level 7.0 Air Magic
 - Level 2.0 Evocations


You had 5 spell levels left.
You knew the following spells:

 Your Spells              Type           Power      Damage    Failure   Level
a - Summon Small Mammal   Summ           100%       N/A       0%          1
b - Call Imp              Summ           89%        N/A       0%          2
c - Call Canine Familiar  Summ           89%        N/A       1%          3
d - Summon Guardian Gole  Hex/Summ       73%        N/A       1%          3
e - Summon Hydra          Summ           44%        N/A       4%          7
f - Monstrous Menagerie   Summ           44%        N/A       4%          7
L - Summon Lightning Spi  Summ/Air       77%        N/A       1%          4

Your spell library contained the following spells:

 Spells                   Type           Power      Damage    Failure   Level
 Ensorcelled Hibernation  Hex/Ice        74%        N/A       1%          2
 Confusing Touch          Hex            53%        N/A       1%          3
 Summon Ice Beast         Ice/Summ       63%        N/A       1%          4
 Summon Mana Viper        Hex/Summ       73%        N/A       1%          5
 Kiss of Death            Conj/Necr      76%        2d11      2%          1
 Inner Flame              Hex/Fire       37%        N/A       2%          3
 Kindle Blastsparks       Fire/Tloc/Air  72%        2d16      2%          3
 Blink                    Tloc           38%        N/A       3%          2
 Lesser Beckoning         Tloc           38%        N/A       3%          2
 Momentum Strike          Conj/Tloc      38%        3d9       3%          2
 Sublimation of Blood     Necr           19%        N/A       3%          2
 Wereblood                Tmut           19%        N/A       3%          2
 Silence                  Hex/Air        29%        N/A       4%          5
 Gell's Gravitas          Tloc           19%        N/A       6%          3
 Spider Form              Tmut/Pois      19%        N/A       6%          3
 Teleport Other           Tloc           19%        N/A       6%          3
 Anguish                  Hex/Necr       18%        N/A       8%          4
 Fulminant Prism          Conj/Hex       18%        3d10      8%          4
 Dispel Undead            Necr           19%        3d11      22%         4
 Iskenderun's Mystic Bla  Conj/Tloc      19%        2d6       22%         4
 Yara's Violent Unravell  Hex/Tmut       18%        3d9       22%         5
 Lee's Rapid Deconstruct  Erth           9%         3d7*      52%         5
 Haunt                    Necr/Summ      31%        N/A       67%         7
 Dispersal                Tloc           9%         N/A       97%         6
 Animate Armour           Summ/Erth      Unusable   N/A       N/A         4

Dungeon Overview and Level Annotations

Branches:
Dungeon (13/15)            Temple (1/1) D:6            Lair (5/5) D:8
 Shoals (0/4) Lair:3        Snake (0/4) Lair:2        Slime (0/5) Lair:4
    Orc (0/2) D:10
 Vaults: D:13-14

Altars:
Ashenzari
Cheibriados
Dithmenos
Elyvilon
Fedhas
Gozag
Hepliaklqana
Kikubaaqudgha
Makhleb
Nemelex Xobeh
Okawaru
Qazlal
Ru
Sif Muna
Trog
Uskayaw
Vehumet
Wu Jian
Xom
Yredelemnul
Zin
The Shining One
Jiyva

Shops:
D:1 !   D:6 *   D:8 :   Lair:3 =

Annotations:
D:8 2 transporters, exclusion: downstairs, mopl's ghost, novice FoVM
D:11 3 runed translucent doors, UltraNumeron's ghost, novice SpHu
D:12 3 runed translucent doors, Mocet's ghost, journeyman GnVM
Lair:2 1 runed translucent door, Seudgh's ghost, journeyman DECj


Innate Abilities, Weirdness & Mutations

You have sharp claws.
You have razor-sharp teeth.
You have supernaturally acute eyesight. (SInv)
You cover ground quickly. (Speed+)
Your thick and shaggy fur keeps you warm. (AC +3, rC+)
Your paws help you pounce on unaware monsters.
You are incapable of wielding weapons or throwing items.
You cannot wear armour.
You gain extra lives every three experience levels.


Message History

The centaur warrior wields a +0 longbow.
The centaur warrior shoots an arrow.
The arrow completely misses you.
You hear a shout!
The centaur warrior shoots an arrow.
The arrow completely misses you.
You climb upwards.
Level annotation: 3 runed translucent doors, Mocet's ghost, journeyman GnVM
There is a stone staircase leading down here.
You start resting.
HP restored.
You start resting.
Magic restored.
You climb downwards.
The centaur warrior shoots an arrow.
The arrow hits you!!
There is a stone staircase leading up, spattered with blood here.
A four-headed hydra appears.
You hear a shout!
The centaur warrior shoots an arrow.
The arrow hits you!
The centaur warrior shoots an arrow.
The arrow closely misses you. The arrow hits your four-headed hydra!!
You are too injured to fight recklessly!
Casting: Summon Hydra (quite dangerous; 4% risk of failure)
Confirm with . or Enter, or press ? or * to list all spells.
A guardian golem appears, shielding your allies.
What are your orders? t - Meow!
Orders for allies: a - Attack new target. r - Retreat! s - Stop attacking. g - Guard the area. f - Follow me.
Anything else - Cancel.
Gang up on whom?
Press: ? - help, Dir - move target, f - centaur warrior
Aim: a centaur warrior, wielding a +0 longbow (ally target) Attack!
The centaur warrior shoots an arrow.
The arrow hits you!!
* * * LOW HITPOINT WARNING * * *
The centaur warrior shoots an arrow.
The arrow hits you!
You die...
The centaur wields a +0 shortbow.
The centaur shoots an arrow.
The arrow closely misses you.
You are now level 12!
You rejoin the land of the living...
Are you sure you want to abandon this character and quit the game? (Confirm with "yes".)

......
......
.#####
#######
#.....#
#.....+
#@....#
#######


There were no monsters in sight!

Vanquished Creatures
  An unseen horror (D:10)
  A centaur (D:12)
  A hound (D:4)
  An endoplasm (D:1)
  A goblin (D:3)
  A ball python (D:3)
  A rat (D:1)
7 creatures vanquished.

Vanquished Creatures (collateral kills)
  A hydra (Lair:3)
  A death knight (D:11)
  A centaur warrior (D:11)
  3 two-headed ogres
  2 boulder beetles (D:11)
  A death yak (Lair:4)
  4 skeletal warriors (D:12)
  Amaemon (Lair:2)
  A deep elf pyromancer (D:12)
  A wolf spider (D:11)
  A cyclops (D:8)
  2 ugly things (D:11)
  4 nameless horrors
  7 slime creatures (D:13)
  Joseph (D:9)
  4 elephants
  2 black mambas
  5 cane toads
  3 kobold demonologists
  An unseen horror (D:12)
  Psyche (D:9)
  4 komodo dragons
  2 efreet
  An orange demon (Lair:2)
  2 trolls
  A queen bee (Lair:2)
  A polar bear (Lair:2)
  A hornet (D:8)
  Prince Ribbit (D:8)
  8 blink frogs
  A snapping turtle (Lair:3)
  A shadow (D:11)
  3 wraiths
  A vampire (D:12)
  46 yaks
  2 wyverns (Lair:2)
  4 basilisks
  Grum (D:9)
  4 vampire mosquitoes (D:12)
  Edmund (D:5)
  3 nagas (Lair:2)
  An acid dragon (D:13)
  14 water moccasins
  An orc warrior (D:7)
  2 sky beasts
  An ice beast (D:7)
  5 black bears
  2 ogres
  11 wolves
  15 centaurs
  2 phantoms (D:5)
  7 kobold brigands
  9 bullfrogs
  A gnoll sergeant (D:7)
  5 scorpions
  2 necrophages (D:5)
  A cane toad simulacrum (D:12)
  36 killer bees
  4 howler monkeys (D:7)
  An electric eel (Lair:3)
  7 jellies
  7 hounds
  7 orc priests
  3 gnoll boudas
  4 iguanas
  7 orc wizards
  3 hell rats (Lair:2)
  2 troll simulacra (D:12)
  A polar bear simulacrum (D:12)
  A spriggan simulacrum (D:12)
  2 wolf simulacra (D:12)
  8 gnolls
  A naga simulacrum (D:12)
  9 adders
  2 river rats (Lair:2)
  2 shadow imps
  2 white imps
  2 ufetubi
  A worm (D:3)
  A dart slug (D:2)
  30 orcs
  9 ball pythons
  An endoplasm (D:1)
  2 giant cockroaches (D:2)
  7 goblins
  11 hobgoblins
  14 jackals
  5 quokkas
  3 bats
  3 frilled lizards
  A goblin skeleton (D:6)
  2 goblin zombies (D:6)
  3 hobgoblin zombies (D:6)
  40 kobolds
  2 kobold skeletons (D:6)
  A kobold zombie (D:6)
  3 orc zombies (D:6)
  5 rats
  A spectral kobold (D:9)
470 creatures vanquished.

Vanquished Creatures (others)
  A vault guard (D:13)
  2 death yaks (Lair:4)
  A black mamba (Lair:4)
  A gargoyle (D:12)
  An elephant (Lair:2)
  A troll (D:8)
  2 blink frogs (Lair:2)
  8 yaks
  Eustachio (D:5)
  A water moccasin (Lair:2)
  A black bear (D:8)
  A wolf (Lair:3)
  2 centaurs (D:12)
  A bullfrog (Lair:1)
  Blork the orc (D:5)
  A kobold brigand (D:6)
  A scorpion (D:4)
  9 killer bees
  A hound (D:5)
  2 iguanas
  2 orcs (D:4)
  83 fungi
  108 plants
232 creatures vanquished.

Grand Total: 709 creatures vanquished

Notes
Turn   | Place    | Note
-------+----------+-------------------------------------------
     0 | D:1      | zero the Felid Summoner began the quest for the Orb.
     0 | D:1      | Reached XP level 1. HP: 7/7 MP: 4/4
   228 | D:1      | Reached XP level 2. HP: 8/11 MP: 3/6
   231 | D:1      | Learned a level 2 spell: Call Imp
   781 | D:1      | Found Nakhleyl's Distillery.
  1469 | D:2      | Reached XP level 3. HP: 14/14 MP: 2/8
  1473 | D:2      | Learned a level 3 spell: Call Canine Familiar
  2031 | D:2      | Reached XP level 4. HP: 18/18 MP: 0/9
  2110 | D:2      | Learned a level 1 spell: Summon Small Mammal
  2114 | D:2      | Learned a level 3 spell: Summon Guardian Golem
  2216 | D:2      | Found a shadowy altar of Dithmenos.
  2840 | D:3      | Found a burning altar of Makhleb.
  3226 | D:3      | Reached skill level 1 in Hexes
  3661 | D:4      | Noticed a scorpion
  3678 | D:4      | Killed a scorpion
  3679 | D:4      | Reached skill level 5 in Summonings
  3679 | D:4      | Reached XP level 5. HP: 9/21 MP: 1/11
  3947 | D:4      | Found a shadowy altar of Dithmenos.
  4104 | D:4      | Gained mutation: You are covered in thick fur. (AC +2)
                  | [Felid growth]
  4104 | D:4      | Reached XP level 6. HP: 24/24 MP: 1/13
  4367 | D:4      | Learned a level 4 spell: Summon Lightning Spire
  4598 | D:4      | Reached XP level 7. HP: 13/27 MP: 4/15
  4603 | D:4      | Reached skill level 1 in Air Magic
  4735 | D:4      | Reached skill level 5 in Spellcasting
  5342 | D:5      | Entered Level 5 of the Dungeon
  5502 | D:5      | Found a sparkling altar of Nemelex Xobeh.
  5699 | D:5      | Noticed Blork the orc
  5715 | D:5      | Killed Blork the orc
  5963 | D:5      | Noticed Eustachio
  5985 | D:5      | Killed Eustachio
  5986 | D:5      | Reached XP level 8. HP: 31/31 MP: 6/18
  6236 | D:5      | Noticed Edmund
  6259 | D:5      | Killed Edmund
  6466 | D:5      | Found an ornate altar of the Wu Jian Council.
  7656 | D:6      | Found Ruudicw's Assorted Antiques.
  7661 | D:6      | Bought a sedimented orange potion for 22 gold pieces
  7661 | D:6      | Bought a scroll labelled DYQONA XUQUMU for 25 gold pieces
  7661 | D:6      | Bought a scroll labelled JODUGAOHAANK for 25 gold pieces
  7806 | D:6      | Found a staircase to the Ecumenical Temple.
  7867 | Temple   | Entered the Ecumenical Temple
  8132 | Temple   | Became a worshipper of Gozag Ym Sagoz the Greedy
  8216 | D:6      | Found a glowing golden altar of the Shining One.
  8391 | D:6      | Found a basalt altar of Yredelemnul.
  8506 | D:6      | Reached XP level 9. HP: 31/34 MP: 13/21
  8756 | D:6      | Reached skill level 1 in Evocations
  9694 | D:7      | Found a snail-covered altar of Cheibriados.
 10011 | D:7      | Reached skill level 5 in Stealth
 10022 | D:7      | Reached skill level 5 in Dodging
 10281 | D:7      | Reached skill level 10 in Summonings
 10626 | D:7      | Reached XP level 10. HP: 37/37 MP: 20/24
 11144 | D:8      | Noticed a two-headed ogre
 11159 | D:8      | Killed a two-headed ogre
 11160 | D:8      | Reached skill level 10 in Spellcasting
 11333 | D:8      | Noticed Prince Ribbit
 11336 | D:8      | Reached skill level 1 in Fighting
 11336 | D:8      | Killed Prince Ribbit
 11627 | D:8      | Noticed mopl's ghost (novice FoVM)
 11630 | D:8      | Found a transporter.
 11633 | D:8      | a floating eye changed into a lindwurm
 11633 | D:8      | Noticed a lindwurm (shapeshifter)
 11644 | D:8      | a lindwurm changed into a water nymph
 11644 | D:8      | Noticed a water nymph (shapeshifter)
 11646 | D:8      | Found a white marble altar of Elyvilon.
 11681 | D:8      | a water nymph changed into a sea snake
 11681 | D:8      | Noticed a sea snake (shapeshifter)
 11683 | D:8      | Found a transporter.
 11855 | D:8      | Found a staircase to the Lair.
 11955 | D:8      | Engulfed by their own flame
 11956 | D:8      | Reached XP level 9. HP: -14/37 MP: 14/24
 11989 | D:8      | a snapping turtle changed into a swamp dragon
 11989 | D:8      | Noticed a swamp dragon (shapeshifter)
 12046 | D:8      | a swamp dragon changed into a cyclops
 12046 | D:8      | Noticed a cyclops (shapeshifter)
 12071 | D:8      | Noticed a cyclops
 12072 | D:8      | Noticed a kobold demonologist
 12082 | D:8      | a cyclops changed into a fire crab
 12082 | D:8      | Noticed a fire crab (shapeshifter)
 12107 | D:8      | Killed a cyclops
 12108 | D:8      | Reached skill level 5 in Hexes
 12129 | D:8      | a fire crab changed into a raiju
 12131 | D:8      | a raiju changed into a rime drake
 12131 | D:8      | Noticed a rime drake (shapeshifter)
 12154 | D:8      | a rime drake changed into a queen bee
 12154 | D:8      | Noticed a queen bee (shapeshifter)
 12223 | D:8      | Killed a kobold demonologist
 12224 | D:8      | Reached XP level 10. HP: 33/42 MP: 16/25
 12247 | D:8      | a meliai changed into a black mamba
 12247 | D:8      | Noticed a black mamba (shapeshifter)
 12253 | D:8      | a black mamba changed into a yaktaur
 12311 | D:8      | Noticed a fire crab
 12345 | D:8      | a fire crab changed into an entropy weaver
 12345 | D:8      | Noticed an entropy weaver (shapeshifter)
 12348 | D:8      | an entropy weaver changed into a blink frog
 12453 | D:8      | Identified the +0 plate armour of Lust {rF- rN+ Dex+2
                  | Stlth+}
 12788 | D:8      | Bought a book of Blood for 420 gold pieces
 12796 | D:8      | Learned a level 7 spell: Summon Hydra
 12824 | Lair:1   | Entered Level 1 of the Lair of Beasts
 13063 | Lair:1   | Noticed a black mamba
 13070 | Lair:1   | Killed a black mamba
 13452 | Lair:1   | Noticed a cane toad
 13465 | Lair:1   | Killed a cane toad
 13693 | Lair:1   | Reached skill level 5 in Air Magic
 13894 | Lair:1   | Reached skill level 5 in Fighting
 13914 | Lair:1   | Reached XP level 11. HP: 47/47 MP: 6/26
 14450 | Lair:2   | Noticed Amaemon
 14463 | Lair:2   | Killed Amaemon
 14609 | Lair:2   | Found a staircase to the Snake Pit.
 14618 | Lair:2   | Found a runed translucent door.
 14618 | Lair:2   | Noticed Seudgh's ghost (journeyman DECj)
 15691 | Lair:2   | Killed by an exploding themself... ignited by their inner
                  | flame
 15692 | Lair:2   | Reached XP level 10. HP: -10/45 MP: 13/25
 15988 | Lair:2   | Noticed a cane toad
 15999 | Lair:2   | Killed a cane toad
 16000 | Lair:2   | Reached skill level 10 in Dodging
 16041 | Lair:2   | Reached XP level 11. HP: 26/49 MP: 7/26
 18341 | Lair:3   | Noticed a six-headed hydra
 18350 | Lair:3   | Killed a six-headed hydra
 18421 | Lair:3   | Bought a ring of wizardry for 450 gold pieces
 18576 | Lair:3   | Noticed a nameless horror
 18582 | Lair:3   | Killed a nameless horror
 18732 | Lair:3   | Found a staircase to the Shoals.
 19361 | Lair:4   | Found a staircase to the Slime Pits.
 19362 | Lair:4   | Found a viscous altar of Jiyva.
 19416 | Lair:4   | Noticed a death yak
 19421 | Lair:4   | Killed a death yak
 19425 | Lair:4   | Noticed a death yak
 19429 | Lair:4   | Noticed a death yak
 19505 | Lair:4   | Killed a death yak
 19509 | Lair:4   | Killed a death yak
 19510 | Lair:4   | Gained mutation: Your thick and shaggy fur keeps you warm.
                  | (AC +3, rC+) [Felid growth]
 19510 | Lair:4   | Reached XP level 12. HP: 35/55 MP: 1/27
 20584 | Lair:5   | Entered Level 5 of the Lair of Beasts
 21048 | D:8      | Noticed an anaconda
 21078 | D:8      | an anaconda changed into a torpor snail
 21273 | D:9      | Noticed Joseph
 21288 | D:9      | Killed Joseph
 21453 | D:9      | Found a hazy altar of Hepliaklqana.
 21527 | D:9      | Noticed Grum
 21534 | D:9      | Killed Grum
 21666 | D:9      | Found a shimmering blue altar of Sif Muna.
 21946 | D:9      | Found an ancient bone altar of Kikubaaqudgha.
 21972 | D:9      | Noticed Psyche
 21977 | D:9      | Killed Psyche
 22483 | D:9      | Found a blossoming altar of Fedhas.
 23045 | Lair:3   | Bought a +6 ring of intelligence for 540 gold pieces
 23174 | D:10     | Entered Level 10 of the Dungeon
 23352 | D:9      | Identified the +2 whip of Qazlal's Delight {chaos, rPois
                  | rF+ Int-3 Dex+2}
 23852 | D:10     | Found a sacrificial altar of Ru.
 24422 | D:10     | Found a staircase to the Orcish Mines.
 24566 | D:11     | Noticed a two-headed ogre
 24571 | D:11     | Killed a two-headed ogre
 24698 | D:11     | Found a runed translucent gate.
 24699 | D:11     | Found a runed translucent gate.
 24700 | D:11     | Found a runed translucent gate.
 24701 | D:11     | Noticed UltraNumeron's ghost (novice SpHu)
 25071 | D:11     | Noticed a centaur warrior
 25071 | D:11     | Noticed a boulder beetle
 25091 | D:11     | Killed a boulder beetle
 25102 | D:11     | Killed a centaur warrior
 25928 | D:11     | Got the Parchment of Glamour
 25986 | D:11     | Identified the +2 robe of Forking Paths {rPois Archmagi}
 26245 | D:11     | Noticed a two-headed ogre
 26250 | D:11     | Killed a two-headed ogre
 26251 | D:11     | Noticed a boulder beetle
 26271 | D:11     | Killed a boulder beetle
 26272 | D:11     | Reached XP level 13. HP: 60/60 MP: 3/28
 27716 | Lair:3   | Bought the ring of Miracles {rC+ Int+9} for 763 gold pieces
 28643 | D:12     | Found a runed translucent gate.
 28643 | D:12     | Found a runed translucent gate.
 28643 | D:12     | Found a runed translucent gate.
 28646 | D:12     | Noticed Mocet's ghost (journeyman GnVM)
 28800 | D:12     | HP: 1/61 [themself] (20)]
 29151 | D:12     | Reached skill level 10 in Fighting
 29869 | D:13     | Got the Omnibus of Bedrock and Darkness
 29878 | D:13     | Learned a level 7 spell: Monstrous Menagerie
 30668 | D:13     | Shot with an arrow by a centaur warrior
 30669 | D:13     | Reached XP level 12. HP: -1/58 MP: 18/27
 30669 | D:13     | Quit the game

Illustrated notes

Levels and vault maps discovered:
D:1:      dpeg_arrival_central, layout_loops_ring, serial_shops, shop,
          st_stairs_12, minivault_23
D:2:      layout_basic, basic_altar, minmay_pentomino_w4
D:3:      layout_loops_cross, lemuel_round_altar
D:4:      layout_basic, overflow_temple_1_default
D:5:      kennysheep_six_static_rooms, layout_loops_corners,
          kennysheep_mini_moat, mainiacjoe_overflow_alcove_2,
          corexii_item_surrounded_by_moat, uniq_eustachio, uniq_edmund,
          uniq_blork_the_orc
D:6:      minmay_razor_zed, layout_loops_ring, nicolae_tso_besieged_by_evil,
          mainiacjoe_overflow_chevrons, minmay_temple_entry_overgrown,
          serial_shops, shop, minmay_misc_feat_hallway
D:7:      minmay_angry_zag, layout_basic, mainiacjoe_overflow_catwalk, eino_jars
D:8:      minmay_chambers_of_sixes, layout_rooms,
          nicolae_elyvilon_peaceful_grove, due_lair_maze_entry_diamond,
          gammafunk_ghost_arena, uniq_prince_ribbit1
D:9:      layout_roguey, nicolae_hepliaklqana_monster_ancestors,
          mainiacjoe_overflow_surrounded_room, mainiacjoe_overflow_alcove_1,
          led_sif_book, uniq_grum, uniq_psyche, uniq_joseph
D:10:     layout_gridville, nicolae_ru_sacrificial_ziggurat, orc_0_dummy
D:11:     minmay_tri_box, layout_long_grid, ebering_ghost_rock_garden
D:12:     layout_basic, biasface_ghost_orc_armoury,
          portal_ice_cave_entry_ice_simulacra, chequers_serial_rivers_micro_a
D:13:     layout_irregular_city, ximxim_vaults_locker_room, serial_shops,
          nicolae_shop_statue_plus, grunt_decor_one_mirror,
          chequers_serial_rivers_micro_b, uniq_urug
Temple:   compressed_dpeg_triangle_lava_temple
Lair:1:   layout_cave_pods, chequers_serial_rivers_micro_d
Lair:2:   regret_index_wax_grids, layout_misc_corridors,
          guppyfry_snake_entry_garden, ebering_ghost_reflecting_pool,
          patterned_corridor, uniq_amaemon
Lair:3:   layout_regular_city, minmay_shoals_entry_hut
Lair:4:   layout_cave_pods, nicolae_slime_entry_field_trip
Lair:5:   evilmike_catoblepas_cave, layout_regular_city,
          infiniplex_staircase_pool_2

Skill      XL: |  1  2  3  4  5  6  7  8  9 10 11 12 13 |
---------------+----------------------------------------+-----
Spellcasting   | 3 4 6 7 9 10 | 10.7
Hexes          | 2 5 4 |  5.0
Summonings     | 5 6 7 9 10 12 13 14 | 14.3
Air Magic      | 2 5 7 |  7.0
Stealth        | 5 |  5.0
Dodging        | 7 10 11 13 14 | 14.0
Evocations     | 2 |  2.0
Fighting       | 3 5 8 9 10 | 10.1

Action                     |  1- 3 |  4- 6 |  7- 9 | 10-12 | 13-15 || total
---------------------------+-------+-------+-------+-------+-------++-------
  Melee: Unarmed           |    15 |     5 |     7 |    35 |     6 ||    68
         Bite              |       |     1 |       |     6 |       ||     7
         Punch             |       |       |       |     2 |       ||     2
   Cast: Summon Small Mamm |    32 |    36 |    48 |    90 |     5 ||   211
         Call Imp          |    24 |    23 |    27 |    60 |     3 ||   137
         Call Canine Famil |     4 |    23 |    36 |    78 |    11 ||   152
         Summon Guardian G |       |    13 |    37 |    87 |    18 ||   155
         Summon Lightning  |       |       |    42 |   103 |    13 ||   158
         Summon Hydra      |       |       |       |    80 |    39 ||   119
         Monstrous Menager |       |       |       |       |     5 ||     5
 Invoke: Call Merchant     |       |       |       |     2 |       ||     2
  Evoke: Wand              |       |       |       |     2 |     1 ||     3
    Use: Scroll            |     7 |       |     9 |    13 |     2 ||    31
         Potion            |       |     1 |       |       |       ||     1
   Stab: Distracted        |     1 |       |       |     2 |     1 ||     4
 Armour: Skin              |     1 |     3 |    14 |    17 |     3 ||    38
  Dodge: Dodged            |    42 |    55 |   103 |   223 |    68 ||   491

Table legend: (Time is in decaauts)
 A = Elapsed time spent in this place.
 B = Non-inter-level travel time spent in this place.
 C = Inter-level travel time spent in this place.
 D = Time resting spent in this place.
 E = Time spent auto-exploring this place.
 F = Levels seen in this place.
 G = Mean time per level.
                   A        B        C        D        E       F      G
               +--------+--------+--------+--------+--------+-----+--------+
         Total |  28103 |  26997 |   1106 |   9666 |  13017 |  19 | 1479.1 |
       Dungeon |  20118 |  19394 |    724 |   6661 |   9697 |  13 | 1547.5 |
        Temple |    236 |    223 |     13 |      0 |    182 |   1 |  236.0 |
          Lair |   7747 |   7378 |    369 |   3005 |   3137 |   5 | 1549.4 |
               +--------+--------+--------+--------+--------+-----+--------+

Top non-repeatable levels by time:
  Lair:2: 2827 daAuts
    D:11: 2393 daAuts
    D:12: 2112 daAuts
     D:9: 2080 daAuts
     D:5: 1942 daAuts
  Lair:3: 1860 daAuts
     D:6: 1662 daAuts
     D:8: 1607 daAuts
     D:4: 1591 daAuts
     D:7: 1544 daAuts
  Lair:1: 1507 daAuts
  Lair:4: 1489 daAuts
     D:1: 1307 daAuts
     D:3: 1251 daAuts
    D:10: 1027 daAuts
